 Dungeon Crawl Stone Soup version 0.27-a0-291-gd9602db6ee (webtiles) character file.

Game seed: 4637307137744541649

3311 HoaS the Cruncher (level 10, -1/53 HPs)
             Began as a Gargoyle Gladiator on Feb 9, 2021.
             Was a Believer of Okawaru.
             Slain by a worker ant (2 damage)
             ... on level 8 of the Dungeon.
             The game lasted 00:15:58 (6971 turns).

HoaS the Cruncher (Gargoyle Gladiator)              Turns: 6971, Time: 00:15:58

Health: -1/53      AC: 21    Str: 20    XL:     10   Next: 1%
Magic:  9/11       EV:  8    Int:  9    God:    Okawaru [**....]
Gold:   507        SH:  0    Dex: 12    Spells: 9/9 levels left

rFire    + . .     SeeInvis .   w - +0 quarterstaff
rCold    . . .     Faith    .   (shield currently unavailable)
rNeg     + . .     Spirit   .   n - +0 plate armour
rPois    ∞         Reflect  .   c - +1 helmet
rElec    +         Harm     .   (no cloak)
rCorr    .         Rampage  .   (no gloves)
Will     .....                  (no boots)
Stlth    ..........             y - amulet of the acrobat
HPRegen  0.17/turn              i - ring of protection from fire
MPRegen  0.12/turn              (no ring)

@: heroism
A: negative energy resistance 1, electricity resistance, unbreathing,
petrification resistance, miasma immunity, AC +7
a: Renounce Religion, Heroism


You were on level 8 of the Dungeon.
You worshipped Okawaru.
Okawaru was pleased with you.
You visited 2 branches of the dungeon, and saw 9 of its levels.
You also visited: Sewer.

You collected 507 gold pieces.

Inventory:

Hand Weapons
 q - a +0 longbow
 w - a +0 quarterstaff (weapon)
Missiles
 k - 37 arrows
 l - 19 poisoned darts
 m - 6 boomerangs
 B - a curare-tipped dart
 D - 4 javelins
Armour
 c - a +1 helmet (worn)
 n - a +0 plate armour (worn)
Jewellery
 i - a ring of protection from fire (left hand)
 v - an uncursed ring of fire
 y - an amulet of the acrobat (around neck)
Wands
 a - a wand of flame (9) (quivered)
 d - a wand of charming (3)
Scrolls
 f - a scroll of fog
 h - 6 scrolls of teleportation
 j - 2 scrolls of magic mapping
 r - 3 scrolls of remove curse
 t - 3 scrolls of enchant armour
 x - a scroll of fear
Potions
 b - a potion of mutation
 e - a potion of lignification
 g - 3 potions of curing
 o - 3 potions of attraction
 p - a potion of ambrosia
 s - 3 potions of flight
 z - a potion of degeneration {unknown}
 A - 2 potions of might {unknown}
 C - a potion of heal wounds {unknown}


   Skills:
 - Level 2.1(7.1) Fighting
 * Level 13.3(18.3) Staves
 - Level 1.7(6.7) Throwing
 - Level 2.4(7.4) Dodging
 - Level 2.5 Invocations


You had 9 spell levels left.
You didn't know any spells.
Your spell library contained the following spells:

 Spells                   Type           Power        Failure   Level
 Dazzling Flash           Conj/Hex       0%           100%        3
 Gell's Gravitas          Tloc           0%           100%        3
 Inner Flame              Hex/Fire       0%           100%        3
 Portal Projectile        Hex/Tloc       0%           100%        3
 Tukima's Dance           Hex            0%           100%        3
 Dispersal                Tloc           0%           100%        6
 Dragon Form              Tmut           0%           100%        7
 Disjunction              Tloc           0%           100%        8


Dungeon Overview and Level Annotations

Branches:
Dungeon (8/15)             Temple (1/1) D:4           Sewer (visited)
   Lair: D:8-11

Altars:
Ashenzari
Cheibriados
Fedhas
Gozag
Hepliaklqana
Kikubaaqudgha
Makhleb
Nemelex Xobeh
Okawaru
Qazlal
Ru
Sif Muna
Uskayaw
Vehumet
Xom
Yredelemnul
Zin
The Shining One

Annotations:
D:8 Erica, Grum


Innate Abilities, Weirdness & Mutations

You are resistant to torment.
Your stone body is resilient. (AC +7)
You are immune to poison.
You resist negative energy. (rN+)
You are resistant to electric shocks. (rElec)
You can survive without breathing.
You are immune to petrification.
You are immune to miasma.


Message History

The wolf closely misses you. The wolf barely misses you. The wolf misses you.
The worker ant misses you. Grum hits you but does no damage.
You sock Grum!
Grum is lightly wounded.
The wolf bites you but does no damage. The wolf bites you.
* * * LOW HITPOINT WARNING * * *
You hit Grum.
Grum is moderately wounded.
The wolf barely misses you. The worker ant barely misses you.
The wolf closely misses you. Grum hits you but does no damage.
You hit Grum but do no damage.
Grum is moderately wounded.
The wolf bites you but does no damage. x2
The worker ant bites you but does no damage.
You sock Grum!
Grum is severely wounded.
The wolf bites you.
* * * LOW HITPOINT WARNING * * *
The wolf barely misses you. The worker ant bites you.
You die...

***,****+*#...........#+#**,,>*
***,***,,,..#####........,*,,,*
,,,,,,*,,,.,*,,,#........,+,,,*
,,,,,,*,,.,,*,,,#........,*,,,*
,,,,,,*,,..,*,,,+........,*,,,*
*******,,...#+###........,*,,,*
*,,,,,,,,.........#######**,,,*
*,,,,,,,,.......hB#,,,,,,,,,,,*
*,,,,,,,,.......@h+,,,,,,,,,,,*
*,,,,,,,,......g..#,,,,,,,,,,,*
*,,,,,,,,.........#********,,,*
*,,,,,,,,..........*,,,,,**,,,*
*,,,,,,,,..........#,,,,,,*,,,*
*,,,,,,,,..........+,,,,,,+,,,*
*,,,,,,,,..........#,,,,,*******
,,,,,****#.........#,,,,,*,,,,,*
,,,,,*,,,+,,,,,,,,,*,,,,,*,,,,,*


You could see Grum, 2 wolves and a worker ant.

Vanquished Creatures
  A two-headed ogre (D:7)
  Pikel (D:4)
  The ghost of XanderDroid the Skirmisher, an amateur GnWn (D:4)
  Menkaure (D:4)
  An orc warrior (D:6)
  3 sky beasts (D:7)
  An ice beast (D:7)
  3 ogres
  2 wolves (D:8)
  A centaur (D:8)
  A kobold brigand (Sewer)
  Blork the orc (D:4)
  2 bullfrogs
  A scorpion (D:4)
  A quasit (D:7)
  A hound (D:6)
  A gnoll shaman (D:4)
  A jelly (D:5)
  An orc priest (D:5)
  2 bullfrog skeletons
  An iguana (D:5)
  4 orc wizards
  4 worker ants
  A hound skeleton (D:4)
  9 gnolls
  2 river rats
  3 adders
  A shadow imp (D:5)
  2 oozes
  A dart slug (D:2)
  7 leopard geckos
  20 orcs
  2 ball pythons (D:4)
  4 bats
  7 giant cockroaches
  19 goblins
  12 hobgoblins
  12 jackals
  6 kobolds
  3 quokkas
  4 frilled lizards
  19 rats
170 creatures vanquished.

Notes
Turn   | Place    | Note
-------+----------+-------------------------------------------
     0 | D:1      | HoaS the Gargoyle Gladiator began the quest for the Orb.
     0 | D:1      | Reached XP level 1. HP: 12/12 MP: 1/1
   111 | D:1      | Reached XP level 2. HP: 17/17 MP: 2/2
   487 | D:2      | Reached skill level 4 in Staves
   544 | D:2      | Reached XP level 3. HP: 20/21 MP: 3/3
   756 | D:2      | Found a sacrificial altar of Ru.
   907 | D:2      | Found a glowing silver altar of Zin.
  1230 | D:3      | Reached XP level 4. HP: 25/26 MP: 4/4
  1254 | D:3      | Reached skill level 5 in Staves
  1363 | D:3      | Reached XP level 5. HP: 25/30 MP: 5/5
  1734 | D:3      | Found a broken altar of Ashenzari.
  1822 | D:3      | Found a sparkling altar of Nemelex Xobeh.
  2009 | D:4      | Noticed an ogre
  2033 | D:3      | Killed an ogre
  2034 | D:3      | Reached skill level 6 in Staves
  2034 | D:3      | Reached XP level 6. HP: 16/35 MP: 6/6
  2249 | D:4      | Reached skill level 7 in Staves
  2483 | D:4      | Noticed Blork the orc
  2500 | D:4      | Killed Blork the orc
  2757 | D:4      | Found a runed translucent door.
  2798 | D:4      | Noticed Menkaure
  2805 | D:4      | Killed Menkaure
  2806 | D:4      | Reached XP level 7. HP: 33/40 MP: 7/7
  2837 | D:4      | Found a staircase to the Ecumenical Temple.
  2872 | Temple   | Entered the Ecumenical Temple
  3157 | D:4      | Reached skill level 8 in Staves
  3461 | D:4      | Noticed Pikel
  3483 | D:4      | Killed Pikel
  3484 | D:4      | Reached skill level 9 in Staves
  3484 | D:4      | Reached XP level 8. HP: 44/44 MP: 8/8
  3732 | D:4      | Reached skill level 10 in Staves
  4005 | D:4      | Noticed XanderDroid's ghost (amateur GnWn)
  4049 | D:4      | Killed XanderDroid's ghost
  4194 | D:5      | Entered Level 5 of the Dungeon
  4224 | D:5      | Got a crude ring mail
  4225 | D:5      | Identified the +0 ring mail of Masochism {+Fly Dex+6} (You
                  | found it on level 5 of the Dungeon)
  4526 | D:5      | Reached skill level 11 in Staves
  4970 | D:5      | Found a shimmering blue altar of Sif Muna.
  5172 | D:6      | Found an iron altar of Okawaru.
  5186 | D:6      | Became a worshipper of Warmaster Okawaru
  5365 | D:6      | Found a glowing drain.
  5389 | Sewer    | Entered a sewer
  5396 | Sewer    | Reached XP level 9. HP: 43/48 MP: 9/9
  5472 | Sewer    | Reached skill level 1 in Invocations
  5504 | Sewer    | Found a glowing silver altar of Zin.
  5660 | D:6      | Found a stormy altar of Qazlal.
  6462 | D:7      | Reached skill level 12 in Staves
  6640 | D:7      | Reached * piety under Okawaru
  6664 | D:7      | Identified Vajek's Almanac of Shape Shifting and Curses
  6861 | D:8      | Noticed Erica
  6861 | D:8      | Noticed a two-headed ogre
  6871 | D:7      | Killed a two-headed ogre
  6871 | D:7      | Reached ** piety under Okawaru
  6872 | D:7      | Reached skill level 13 in Staves
  6955 | D:8      | Noticed Grum
  6967 | D:8      | Reached XP level 10. HP: 6/53 MP: 8/11
  6971 | D:8      | HP: 1/53 [wolf[Grum] (3)]
  6971 | D:8      | Slain by a worker ant

Illustrated notes

Levels and vault maps discovered:
D:1:      saegor_arrival_simple_a, layout_rooms
D:2:      layout_loops_ring, nicolae_ru_the_path_less_chosen, zin_academy
D:3:      layout_basic, marbit_many_paths, nicolae_overflow_hidden_temple,
          minmay_misc_feat_plants, minmay_goblin_outpost
D:4:      kennysheep_six_static_rooms, layout_basic, temple_green,
          ebering_ghost_sewer_d, hangedman_decor_peaks_small, st_stairs_11,
          uniq_pikel, uniq_menkaure, uniq_blork_the_orc
D:5:      layout_loops_cross, lemuel_doored_altar
D:6:      layout_loops_corners, okawaru_ov_weapons_minmay, grunt_qazlal_clouds,
          portal_sewer_entry_a, lemuel_old_faithful
D:7:      layout_basic
D:8:      layout_gridville, nicolae_ossuary_entry_giza, enter_bailey_7,
          uniq_erica, uniq_grum
Temple:   minmay_temple_curvy_loop

Skill      XL: |  1  2  3  4  5  6  7  8  9 |
---------------+----------------------------+-----
Staves         | 4 5 6 7 9 11 13 | 13.3
Invocations    | 2 |  2.5
Fighting       | |  2.1
Throwing       | |  1.7
Dodging        | |  2.4

Action                   |  1- 3 |  4- 6 |  7- 9 | 10-12 || total
-------------------------+-------+-------+-------+-------++-------
Melee: Quarterstaff      |    95 |   190 |   391 |     4 ||   680
Throw: Dart              |       |     5 |       |       ||     5
       Throwing net      |       |     3 |     4 |       ||     7
Invok: Heroism           |       |       |     1 |       ||     1
  Use: Scroll            |     9 |     7 |     4 |       ||    20
       Potion            |       |       |     2 |       ||     2
 Stab: Held in net/web   |       |     1 |     3 |       ||     4
Armor: Ring mail         |     8 |       |       |       ||     8
       Plate armour      |    48 |   189 |   241 |     6 ||   484
Dodge: Dodged            |    31 |    99 |    89 |     8 ||   227

Table legend: (Time is in decaauts)
 A = Elapsed time spent in this place.
 B = Non-inter-level travel time spent in this place.
 C = Inter-level travel time spent in this place.
 D = Time resting spent in this place.
 E = Time spent auto-exploring this place.
 F = Levels seen in this place.
 G = Mean time per level.
                   A        B        C        D        E       F      G
               +--------+--------+--------+--------+--------+-----+--------+
         Total |   6904 |   6637 |    267 |   1310 |   4032 |  10 |  690.4 |
       Dungeon |   6513 |   6270 |    243 |   1310 |   3716 |   8 |  814.1 |
        Temple |    220 |    197 |     23 |      0 |    197 |   1 |  220.0 |
         Sewer |    170 |    170 |      0 |      0 |    119 |   1 |  170.0 |
               +--------+--------+--------+--------+--------+-----+--------+

Top non-repeatable levels by time:
     D:4: 1758 daAuts
     D:3: 1078 daAuts
     D:5: 948 daAuts
     D:6: 924 daAuts
     D:2: 650 daAuts
     D:7: 588 daAuts
     D:1: 487 daAuts
  Temple: 220 daAuts
   Sewer: 170 daAuts
     D:8: 77 daAuts
